| TOP OF THE 1ST |
|
New York Yankees batting - Pitching for Chicago White Sox : RHP Bruce Kison
|
|
Pitching: RHP Bruce Kison
|
|
|
Batting: SHB Willie Wilson
|
0-0: Called Strike 0-1: Ball 1-1: Called Strike 1-2: Ground out 4-3 (Groundball, 34, EV 79.4 MPH)
|
|
Batting: RHB Emanuel Cortez
|
0-0: Ball 1-0: Ground out 5-3 (Groundball, 56, EV 81.9 MPH)
|
|
Batting: LHB Wade Boggs
|
0-0: Ball 1-0: Ball 2-0: Called Strike 2-1: SINGLE (Groundball, 4D, EV 101.3 MPH)
|
|
Batting: RHB David Hall
|
0-0: Called Strike 0-1: Called Strike Wade Boggs steals 2nd base 0-2: Strikes out swinging
|
| Top of the 1st over - 0 runs, 1 hit, 0 errors, 1 left on base; New York 0 - Chicago 0 |
| BOTTOM OF THE 1ST |
|
Chicago White Sox batting - Pitching for New York Yankees : RHP Steve Shields
|
|
Pitching: RHP Steve Shields
|
|
|
Batting: SHB Dwayne Taggart
|
0-0: Foul Ball, location: 2F 0-1: SINGLE (Line Drive, 89S, EV 86.9 MPH)
|
|
Batting: LHB Rudy Law
|
0-0: Called Strike 0-1: Ball Wild Pitch! Dwayne Taggart to second 1-1: Foul Ball, location: 2F 1-2: Ball 2-2: Ball 3-2: Foul Ball, location: 2F 3-2: Base on Balls
|
|
Batting: RHB Mike Heath
|
0-0: Called Strike 0-1: Ball 1-1: Ball 2-1: Ball 3-1: Foul Ball, location: 2F 3-2: Reached on error, E7 (Flyball, 7LD, EV 85.0 MPH) Dwayne Taggart scores Rudy Law to third
|
|
Batting: RHB Brian Downing
|
0-0: SINGLE (Groundball, 34D, EV 93.8 MPH) Rudy Law scores Mike Heath to third Runner from 3rd tries for Home, SAFE, throw by RF to home
|
|
Batting: RHB Steve Henderson
|
0-0: Ball 1-0: Foul Ball, location: 2F 1-1: Called Strike 1-2: Ball 2-2: SINGLE (Line Drive, 6D, EV 102.5 MPH) Brian Downing to second
|
|
Batting: LHB Mitchell Page
|
0-0: Called Strike 0-1: Swinging Strike 0-2: Foul Ball, location: 2F 0-2: Ball 1-2: Foul Ball, location: 2F 1-2: Ball 2-2: Fly out, F6 (Popup, 6MS, EV 56.3 MPH)
|
|
Batting: RHB Tim Teufel
|
0-0: Ball 1-0: Ball 2-0: Called Strike 2-1: Foul Ball, location: 2F 2-2: Strikes out swinging
|
|
Batting: RHB Jose Castro
|
0-0: Ground out U3 (Groundball, 34, EV 109.4 MPH)
|
| Bottom of the 1st over - 3 runs, 3 hits, 1 error, 2 left on base; New York 0 - Chicago 3 |
| TOP OF THE 2ND |
|
New York Yankees batting - Pitching for Chicago White Sox : RHP Bruce Kison
|
|
Batting: LHB Kent Hrbek
|
0-0: Ball 1-0: Ball 2-0: Called Strike 2-1: Called Strike 2-2: Foul Ball, location: 2F 2-2: Ground out 6-3 (Groundball, 6, EV 104.4 MPH)
|
|
Batting: RHB Vic Rodriguez
|
0-0: SINGLE (Groundball, P, EV 85.6 MPH) (infield hit)
|
|
Batting: SHB Larry Hyman
|
0-0: Foul Ball, location: 2F 0-1: Ball 1-1: Ball 2-1: Foul Ball, location: 2F 2-2: Foul Ball, location: 2F 2-2: Ball 3-2: Strikes out looking Vic Rodriguez is caught stealing 2nd base 2-6 Batter strikes out.
|
| Top of the 2nd over - 0 runs, 1 hit, 0 errors, 0 left on base; New York 0 - Chicago 3 |
| BOTTOM OF THE 2ND |
|
Chicago White Sox batting - Pitching for New York Yankees : RHP Steve Shields
|
|
Batting: RHB Brian Harper
|
0-0: Fly out, F8 (Line Drive, 8LD, EV 92.5 MPH)
|
|
Batting: SHB Dwayne Taggart
|
0-0: Ball 1-0: Swinging Strike 1-1: Ball 2-1: Ball 3-1: Swinging Strike 3-2: Strikes out swinging
|
|
Batting: LHB Rudy Law
|
0-0: Foul Ball, location: 2F 0-1: Fly out, F8 (Flyball, 8LD, EV 98.8 MPH)
|
| Bottom of the 2nd over - 0 runs, 0 hits, 0 errors, 0 left on base; New York 0 - Chicago 3 |
| TOP OF THE 3RD |
|
New York Yankees batting - Pitching for Chicago White Sox : RHP Bruce Kison
|
|
Batting: LHB Denny Porter
|
0-0: Ball 1-0: Swinging Strike 1-1: Bunt missed! 1-2: Foul Ball, location: 2F 1-2: SINGLE (Groundball, 34S, EV 71.9 MPH) (infield hit)
|
|
Batting: LHB Mario Cabrera
|
0-0: Called Strike 0-1: Ground out U3 (Groundball, 3L, EV 99.4 MPH) Denny Porter to second
|
|
Batting: SHB Willie Wilson
|
0-0: Called Strike 0-1: Ball 1-1: Ball 2-1: Fly out, F5 (Popup, 56, EV 72.5 MPH)
|
|
Batting: RHB Emanuel Cortez
|
0-0: Hit by Pitch
|
|
Batting: LHB Wade Boggs
|
0-0: Foul Ball, location: 2F 0-1: Ball 1-1: Called Strike 1-2: DOUBLE (Line Drive, 89XD, EV 95.6 MPH) Denny Porter scores Emanuel Cortez to third Runner from 3rd tries for Home, SAFE, throw by RF to trailing runner, OUT at third! 9-4-5
|
| Top of the 3rd over - 2 runs, 2 hits, 0 errors, 0 left on base; New York 2 - Chicago 3 |
| BOTTOM OF THE 3RD |
|
Chicago White Sox batting - Pitching for New York Yankees : RHP Steve Shields
|
|
Batting: RHB Mike Heath
|
0-0: Ball 1-0: Called Strike 1-1: Called Strike 1-2: Foul Ball, location: 2F 1-2: Ground out 6-3 (Groundball, 6S, EV 73.1 MPH)
|
|
Batting: RHB Brian Downing
|
0-0: Ball 1-0: Swinging Strike 1-1: Foul Ball, location: 2F 1-2: Ball 2-2: Strikes out looking
|
|
Batting: RHB Steve Henderson
|
0-0: Called Strike 0-1: Ball 1-1: Ball 2-1: Fly out, F3 (Popup, 3DF, EV 53.8 MPH)
|
| Bottom of the 3rd over - 0 runs, 0 hits, 0 errors, 0 left on base; New York 2 - Chicago 3 |
| TOP OF THE 4TH |
|
New York Yankees batting - Pitching for Chicago White Sox : RHP Bruce Kison
|
|
Batting: RHB David Hall
|
0-0: Ball 1-0: Swinging Strike 1-1: Swinging Strike 1-2: Strikes out swinging
|
|
Batting: LHB Kent Hrbek
|
0-0: Ball 1-0: Ball 2-0: Fly out, F6 (Popup, 6M, EV 78.1 MPH)
|
|
Batting: RHB Vic Rodriguez
|
0-0: Reached on error, E5 (Groundball, 56S, EV 81.3 MPH)
|
|
Batting: SHB Larry Hyman
|
0-0: Ball 1-0: Called Strike 1-1: Foul Ball, location: 2F 1-2: Ball 2-2: Ball 3-2: Fly out, F8 (Flyball, 8LD, EV 98.1 MPH)
|
| Top of the 4th over - 0 runs, 0 hits, 1 error, 1 left on base; New York 2 - Chicago 3 |
| BOTTOM OF THE 4TH |
|
Chicago White Sox batting - Pitching for New York Yankees : RHP Steve Shields
|
|
Batting: LHB Mitchell Page
|
0-0: Called Strike 0-1: Fly out, F8 (Flyball, 8LM, EV 86.9 MPH)
|
|
Batting: RHB Tim Teufel
|
0-0: Called Strike 0-1: Foul Ball, location: 2F 0-2: Ball 1-2: Ball 2-2: Fly out, F9 (Line Drive, 9D, EV 90.0 MPH)
|
|
Batting: RHB Jose Castro
|
0-0: Foul Ball, location: 2F 0-1: Ground out 3-1 (Groundball, 34S, EV 92.5 MPH)
|
| Bottom of the 4th over - 0 runs, 0 hits, 0 errors, 0 left on base; New York 2 - Chicago 3 |
| TOP OF THE 5TH |
|
New York Yankees batting - Pitching for Chicago White Sox : RHP Bruce Kison
|
|
Pitching: RHP Win Remmerswaal
|
|
|
Batting: LHB Denny Porter
|
0-0: Ball 1-0: Ball 2-0: Ball 3-0: Called Strike 3-1: Foul Ball, location: 2F 3-2: Base on Balls
|
|
Batting: LHB Mario Cabrera
|
0-0: Swinging Strike 0-1: Grounds into double play, 4-6-3 (Groundball, 4, EV 103.8 MPH)
|
|
Batting: SHB Willie Wilson
|
0-0: Ground out 1-3 (Groundball, 34S, EV 67.5 MPH)
|
| Top of the 5th over - 0 runs, 0 hits, 0 errors, 0 left on base; New York 2 - Chicago 3 |
| BOTTOM OF THE 5TH |
|
Chicago White Sox batting - Pitching for New York Yankees : RHP Steve Shields
|
|
Pitching: LHP Jose Paz
|
|
|
Batting: RHB Brian Harper
|
0-0: Ball 1-0: Fly out, F7 (Flyball, 7S, EV 90.6 MPH)
|
|
Batting: SHB Dwayne Taggart
|
0-0: Ball 1-0: Called Strike 1-1: Foul Ball, location: 2F 1-2: Foul Ball, location: 2F 1-2: Ball 2-2: DOUBLE (Groundball, 5L, EV 96.9 MPH)
|
|
Batting: LHB Rudy Law
|
0-0: SINGLE (Groundball, 56D, EV 101.9 MPH) Dwayne Taggart to third Runner from 3rd tries for Home, SAFE, throw by LF to home
|
|
Batting: RHB Mike Heath
|
0-0: Ball 1-0: Ball Rudy Law is caught stealing 2nd base 2-4 2-0: Called Strike 2-1: Called Strike 2-2: Ground out 6-3 (Groundball, 6, EV 82.5 MPH)
|
| Bottom of the 5th over - 1 run, 2 hits, 0 errors, 0 left on base; New York 2 - Chicago 4 |
| TOP OF THE 6TH |
|
New York Yankees batting - Pitching for Chicago White Sox : RHP Win Remmerswaal
|
|
Batting: RHB Emanuel Cortez
|
0-0: Swinging Strike 0-1: Ball 1-1: Foul Ball, location: 2F 1-2: Ball 2-2: Ground out 5-3 (Groundball, 56, EV 108.1 MPH)
|
|
Batting: LHB Wade Boggs
|
0-0: Ball 1-0: Ground out 6-3 (Groundball, 6, EV 85.6 MPH)
|
|
Batting: RHB David Hall
|
0-0: Foul Ball, location: 2F 0-1: Swinging Strike 0-2: Ball 1-2: Ball 2-2: Fly out, F9 (Line Drive, 9, EV 101.3 MPH)
|
| Top of the 6th over - 0 runs, 0 hits, 0 errors, 0 left on base; New York 2 - Chicago 4 |
| BOTTOM OF THE 6TH |
|
Chicago White Sox batting - Pitching for New York Yankees : LHP Jose Paz
|
|
Batting: RHB Brian Downing
|
0-0: Ball 1-0: Ball 2-0: Swinging Strike 2-1: Ground out 6-3 (Groundball, 6, EV 86.3 MPH)
|
|
Batting: RHB Steve Henderson
|
0-0: Called Strike 0-1: Ground out 5-3 (Groundball, 56, EV 81.3 MPH)
|
|
Batting: LHB Mitchell Page
|
0-0: Called Strike 0-1: Ball 1-1: Ball 2-1: Fly out, F6 (Popup, 6MD, EV 66.9 MPH)
|
| Bottom of the 6th over - 0 runs, 0 hits, 0 errors, 0 left on base; New York 2 - Chicago 4 |
| TOP OF THE 7TH |
|
New York Yankees batting - Pitching for Chicago White Sox : RHP Win Remmerswaal
|
|
Batting: LHB Kent Hrbek
|
0-0: Ball 1-0: Called Strike 1-1: Ball 2-1: Ball 3-1: Foul Ball, location: 2F 3-2: Foul Ball, location: 2F 3-2: Base on Balls
|
|
Pitching: RHP Mike Morgan
|
|
|
Batting: RHB Vic Rodriguez
|
0-0: Bunted foul 0-1: Sac Bunt to 15 - play at first, batter OUT! 1-4 Kent Hrbek to second
|
|
Batting: SHB Larry Hyman
|
0-0: Called Strike 0-1: Ball Wild Pitch! Kent Hrbek to third 1-1: Ball 2-1: Ground out 6-3 (Groundball, 6, EV 84.4 MPH) Kent Hrbek scores
|
|
Batting: LHB Denny Porter
|
0-0: Called Strike 0-1: Ball 1-1: TRIPLE (Flyball, 78XD, EV 96.3 MPH)
|
|
Batting: LHB Mario Cabrera
|
0-0: Called Strike 0-1: Ball 1-1: Ball 2-1: SINGLE (Groundball, 6M, EV 95.6 MPH) (infield hit) Denny Porter scores
|
|
Batting: SHB Willie Wilson
|
0-0: Ball 1-0: Ball 2-0: Called Strike 2-1: SINGLE (Line Drive, 78M, EV 102.5 MPH) Mario Cabrera to second
|
|
Pinch Hitting: SHB Jerry Manuel
|
0-0: Ball 1-0: Fly out, F4 (Line Drive, 4, EV 55.0 MPH)
|
| Top of the 7th over - 2 runs, 3 hits, 0 errors, 2 left on base; New York 4 - Chicago 4 |
| BOTTOM OF THE 7TH |
|
Chicago White Sox batting - Pitching for New York Yankees : LHP Jose Paz
|
|
Now at SS: Jerry Manuel
|
|
|
Batting: RHB Tim Teufel
|
0-0: Foul Ball, location: 2F 0-1: Foul Ball, location: 2F 0-2: Ball 1-2: Ball 2-2: Strikes out swinging
|
|
Batting: RHB Jose Castro
|
0-0: Called Strike 0-1: Swinging Strike 0-2: Strikes out looking
|
|
Batting: RHB Brian Harper
|
0-0: Called Strike 0-1: Fly out, F7 (Flyball, 78D, EV 93.1 MPH)
|
| Bottom of the 7th over - 0 runs, 0 hits, 0 errors, 0 left on base; New York 4 - Chicago 4 |
| TOP OF THE 8TH |
|
New York Yankees batting - Pitching for Chicago White Sox : RHP Mike Morgan
|
|
Pitching: RHP Dave Stewart
|
|
|
Batting: LHB Wade Boggs
|
0-0: Swinging Strike 0-1: Ground out U3 (Groundball, 3, EV 79.4 MPH)
|
|
Pinch Hitting: LHB Jessie Reid
|
0-0: Foul Ball, location: 2F 0-1: Ball 1-1: Ball 2-1: Swinging Strike 2-2: Ground out U3 (Groundball, 3, EV 81.3 MPH)
|
|
Batting: LHB Kent Hrbek
|
0-0: Called Strike 0-1: Called Strike 0-2: Ball 1-2: Ball 2-2: Ball 3-2: Base on Balls
|
|
Pinch Runner at 1st Rod Allen:
|
|
|
Pinch Hitting: SHB Tim Raines
|
0-0: Ball 1-0: Called Strike Rod Allen steals 2nd base 1-1: Ball 2-1: Ground out 3-1 (Groundball, 34, EV 82.5 MPH)
|
| Top of the 8th over - 0 runs, 0 hits, 0 errors, 1 left on base; New York 4 - Chicago 4 |
| BOTTOM OF THE 8TH |
|
Chicago White Sox batting - Pitching for New York Yankees : LHP Jose Paz
|
|
Pitching: RHP Manny Sarmiento
|
|
|
Now at 1B: Tony Ramirez
|
|
|
Now at 2B: Tim Raines
|
|
|
Now in CF: Jessie Reid
|
|
|
Pinch Hitting: RHB Bob Bailey
|
0-0: Called Strike 0-1: Ball 1-1: Foul Ball, location: 2F 1-2: Ball 2-2: Foul Ball, location: 2F 2-2: Strikes out looking
|
|
Pinch Hitting: SHB Kevin King
|
0-0: Called Strike 0-1: Ball 1-1: Swinging Strike 1-2: SINGLE (Groundball, 34S, EV 76.3 MPH) (infield hit)
|
|
Pinch Hitting: SHB Ozzie Smith
|
0-0: Foul Ball, location: 2F 0-1: Ball 1-1: Ball 2-1: Foul Ball, location: 2F 2-2: Ball 3-2: Base on Balls Kevin King to second
|
|
Batting: LHB Ryan MacFarland
|
0-0: Ball 1-0: Ball 2-0: Ball 3-0: Base on Balls Kevin King to third Ozzie Smith to second
|
|
Pitching: RHP Jeff Cornell
|
|
|
Pinch Hitting: RHB Kevin McReynolds
|
0-0: Ball 1-0: Foul Ball, location: 2F 1-1: Ball 2-1: Ball 3-1: Fly out, F9 (Flyball, 9S, EV 71.9 MPH) Runner from 3rd tags up, SCORES, throw by RF Ozzie Smith to third
|
|
Pinch Hitting: RHB Jim Wynn
|
0-0: Called Strike 0-1: Ball 1-1: Swinging Strike 1-2: Strikes out looking
|
| Bottom of the 8th over - 1 run, 1 hit, 0 errors, 2 left on base; New York 4 - Chicago 5 |
| TOP OF THE 9TH |
|
New York Yankees batting - Pitching for Chicago White Sox : RHP Dave Stewart
|
|
Now at 1B: Mike A Marshall
|
|
|
Now at 3B: Ozzie Smith
|
|
|
Now in LF: Kevin McReynolds
|
|
|
Now in CF: Kevin King
|
|
|
Now in RF: Jim Wynn
|
|
|
Pinch Hitting: RHB Pedro Guerrero
|
0-0: Ball 1-0: Ball 2-0: Called Strike 2-1: Foul Ball, location: 2F 2-2: SINGLE (Line Drive, 7S, EV 102.5 MPH)
|
|
Pinch Hitting: LHB Ron Hassey
|
0-0: Ball 1-0: Sac Bunt to 13 - play at first, batter OUT! 1-3 Pedro Guerrero to second
|
|
Pitching: RHP Dickie Noles
|
|
|
Batting: LHB George Kaage
|
0-0: Ball 1-0: Ball 2-0: Called Strike 2-1: Foul Ball, location: 2F 2-2: Ground out 4-3 (Groundball, 4, EV 84.4 MPH) Pedro Guerrero to third
|
|
Batting: SHB Willie Wilson
|
0-0: Ball 1-0: Foul Ball, location: 2F 1-1: Ball 2-1: Fly out, F8 (Line Drive, 8RD, EV 101.3 MPH)
|
| Top of the 9th over - 0 runs, 1 hit, 0 errors, 1 left on base; New York 4 - Chicago 5 |
|